 Dungeon Crawl Stone Soup version 0.31-a0-345-g1ebeae05c6 (webtiles) character file.

Game seed: 2766991431647113275

190388 Soraphim the Slayer (level 18, 0/182 HPs)
             Began as a Hill Orc Fighter on July 22, 2023.
             Was a High Priest of Beogh.
             Collided with a rock wall (5 damage)
             ... caused by a deep elf knight
             ... on level 2 of the Elven Halls.
             The game lasted 02:17:38 (33546 turns).

Soraphim the Slayer (Hill Orc Fighter)             Turns: 33546, Time: 02:17:38

Health: 0/182      AC: 21    Str: 34    XL:     18   Next: 16%
Magic:  31/31      EV:  9    Int:  7    God:    Beogh [*****.]
Gold:   1652       SH: 16    Dex: 10    Spells: 15/17 levels left

rFire   + + .        w - +8 mace of Imoov {flame, +Blink rPois Will+ Int+3}
rCold   + + .        y - +3 kite shield {reflect}
rNeg    . . .        r - +3 chain mail of the Unstoppable Suns {Regen+ MP+9}
rPois   +            f - +1 helmet
rElec   +            F - scarf {rC+ rF+}
rCorr   +            Q - +1 pair of gloves of Saz Icwy {rC+ rCorr Str+4 Slay+2}
SInv    .            a - +0 pair of boots
Will    +++..        e - amulet of Wu Jian's Envy {Will+ Regen+} Stlth
                     n - ring "Zimnulom" {rElec rPois rF+ Str-3 Int-4 Slay+4}
HPRegen 2.10/turn    A - +6 ring of strength
MPRegen 0.22/turn

%: reflection
@: no status effects
A: walk on water
}: 1/15 runes: serpentine
a: Renounce Religion, Evoke Blink, Smiting, Recall Orcish Followers, Give Item
to Named Follower


You were on level 2 of the Elven Halls.
You worshipped Beogh.
Beogh was extremely pleased with you.
You visited 5 branches of the dungeon, and saw 28 of its levels.
You also visited: Ossuary, Ice Cave and Volcano.

You collected 3237 gold pieces.
You spent 1585 gold pieces at shops.

Inventory:

Hand Weapons
 v - a +9 flail of chaos
 w - the +8 mace of Imoov (weapon) {flame, +Blink rPois Will+ Int+3}
   (You bought it in a shop on level 2 of the Elven Halls)

   Int:       It affects your intelligence (+3).
   rPois:     It protects you from poison.
   +Blink:    It lets you blink.
   Will:      It increases your willpower.
 E - a +0 trident
 T - a +3 halberd of flaming
Missiles
 C - 2 atropa-tipped darts
Armour
 a - a +0 pair of boots (worn)
 f - a +1 helmet (worn)
 r - the +3 chain mail of the Unstoppable Suns (worn) {Regen+ MP+9}
   (You found it on level 4 of the Dungeon)

   MP:        It affects your magic capacity (+9).
   Regen:     It increases your rate of health regeneration.
 y - a +3 kite shield of reflection (worn)
 F - a scarf of resistance (worn)
 O - a +1 tower shield
 Q - the +1 pair of gloves of Saz Icwy (worn) {rC+ rCorr Str+4 Slay+2}
   (You found it in a volcano)

   Str:       It affects your strength (+4).
   Slay:      It affects your accuracy & damage with ranged weapons and melee
   (+2).
   rC:        It protects you from cold.
   rCorr:     It protects you from acid and corrosion.
 X - the +5 plate armour of Recklessness {rCorr Dex-4 Stlth+}
   (You found it on level 11 of the Dungeon)

   Dex:       It affects your dexterity (-4).
   rCorr:     It protects you from acid and corrosion.
   Stlth:     It makes you more stealthy.
 Y - a +1 plate armour
Jewellery
 b - a +4 ring of protection
 c - a ring of poison resistance
 e - the amulet of Wu Jian's Envy (around neck) {Will+ Regen+}
   (You acquired it on level 1 of the Dungeon)

   [amulet of regeneration]

   Regen:     It increases your rate of health regeneration.
   Will:      It increases your willpower.
 n - the ring "Zimnulom" (left hand) {rElec rPois rF+ Str-3 Int-4 Slay+4}
   (You found it on level 10 of the Dungeon)

   [ring of protection from fire]

   Str:       It affects your strength (-3).
   Int:       It affects your intelligence (-4).
   Slay:      It affects your accuracy & damage with ranged weapons and melee
   (+4).
   rF:        It protects you from fire.
   rElec:     It insulates you from electricity.
   rPois:     It protects you from poison.
 o - a ring of see invisible
 A - a +6 ring of strength (right hand)
 I - a ring of poison resistance
 M - a +5 ring of evasion
 U - a ring of flight
 V - a +5 ring of evasion
Wands
 m - a wand of polymorph (30)
 p - a wand of mindburst (25)
 z - a wand of flame (25)
 B - a wand of iceblast (20)
 H - a wand of paralysis (6)
 P - a wand of quicksilver (11)
 R - a wand of digging (9)
Scrolls
 h - 6 scrolls of identify
 l - 7 scrolls of revelation
 s - 16 scrolls of teleportation
 t - 3 scrolls of fear
 x - 4 scrolls of poison
 L - 2 scrolls of butterflies
 N - a scroll of fog
 S - 3 scrolls of amnesia
 W - a scroll of enchant armour
Potions
 d - 5 potions of might
 g - a potion of heal wounds
 i - 4 potions of cancellation
 j - 4 potions of brilliance
 k - 8 potions of curing
 q - 6 potions of resistance
 u - 6 potions of haste
 D - 5 potions of enlightenment
 G - 3 potions of ambrosia
 J - 2 potions of invisibility
 K - 2 potions of berserk rage


   Skills:
 + Level 21.4 Fighting
 - Level 10.0(18.4) Axes
 * Level 20.6(21.1) Maces & Flails
 - Level 10.5 Armour
 - Level 16.2 Shields
 - Level 6.4 Invocations


You had 15 spell levels left.
You knew the following spells:

 Your Spells              Type           Power      Damage    Failure   Level
a - Blink                 Tloc           0%         N/A       95%         2

Your spell library contained the following spells:

 Spells                   Type           Power      Damage    Failure   Level
 Necrotise                Necr           0%         1d4       86%         1
 Sandblast                Erth           0%         2d4       86%         1
 Cigotuvi's Dreadful Rot  Necr/Pois/Air  0%         N/A       95%         2
 Passwall                 Tmut/Erth      0%         N/A       95%         2
 Scorch                   Fire           0%         2d5       95%         2
 Sublimation of Blood     Necr           0%         N/A       95%         2
 Hailstorm                Conj/Ice       0%         3d3       99%         3
 Ignite Poison            Fire/Tmut/Pois 0%         N/A       99%         3
 Stone Arrow              Conj/Erth      0%         3d7       99%         3
 Vampiric Draining        Necr           0%         2d6       99%         3
 Animate Dead             Necr           0%         N/A       100%        4
 Flame Wave               Conj/Fire      0%         2d4       100%        4
 Manifold Assault         Tloc           0%         N/A       100%        4
 Passage of Golubria      Tloc           0%         N/A       100%        4
 Summon Ice Beast         Ice/Summ       0%         N/A       100%        4
 Agony                    Necr           0%         N/A       100%        5
 Borgnjor's Vile Clutch   Necr/Erth      0%         N/A       100%        5
 Freezing Cloud           Conj/Ice/Air   0%         6-21      100%        5
 Silence                  Hex/Air        0%         N/A       100%        5
 Simulacrum               Ice/Necr       0%         N/A       100%        6
 Summon Cactus Giant      Summ           0%         N/A       100%        6
 Haunt                    Necr/Summ      0%         N/A       100%        7
 Infestation              Necr           0%         N/A       100%        8
 Lehudib's Crystal Spear  Conj/Erth      0%         10d2      100%        8
 Death's Door             Necr           0%         N/A       100%        9


Dungeon Overview and Level Annotations

Branches:
Dungeon (15/15)            Temple (0/1) D:6            Lair (5/5) D:10
  Swamp (0/4) Lair:2        Snake (4/4) Lair:3        Slime (0/5) Lair:5
    Orc (2/2) D:12            Elf (2/3) Orc:2        Vaults (0/5) D:13
 Depths (0/4) D:15        Ossuary (visited)           IceCv (visited)
Volcano (visited)

Altars:
Dithmenos
Elyvilon
Gozag
Hepliaklqana
Kikubaaqudgha
Sif Muna
Trog
Uskayaw
Xom
Yredelemnul
Beogh
Lugonu

Shops:
D:2 (   D:7 [   D:9 [   Orc:2 (:=:   Elf:1 *   Elf:2 **([   Snake:1 :=:
Snake:2 :

Portals:
Abyss: Lair:5

Annotations:
Elf:1 3 runed translucent doors, exclusion: obsidian statue, Qoro's ghost, adept DESu
Elf:2 2 transporters, Jorgrun


Message History

You hear some strange, mumbled words.
A lance of force appears from out of thin air!
The lance of force hits you!
* * * LOW HITPOINT WARNING * * *
You are knocked back by the lance of force.
You slam into the rock wall!
You hear a grinding noise.
Jorgrun points at the rock wall and mumbles some strange words.
You hear a grinding noise.
Something hits you.
* * * LOW HITPOINT WARNING * * *
Something hits you!
* * * LOW HITPOINT WARNING * * *
Something freezes you.
* * * LOW HITPOINT WARNING * * *
There is a stone staircase leading up, spattered with blood here.
You hear some strange, mumbled words.
A lance of force appears from out of thin air!
The lance of force hits you!!
* * * LOW HITPOINT WARNING * * *
You stop ascending the stairs.
You are knocked back by the lance of force.
You slam into the rock wall!
* * * LOW HITPOINT WARNING * * *
Jorgrun points at the rock wall and mumbles some strange words.
Some rock shatters into small pieces.
Aiming: Smiting
Press: ? - help, Q - select action, (/) - cycle Dir - move target, f - Jorgrun Smite: Jorgrun, wielding a staff of earth and wearing a +2 robe of willpower
Okay, then.
Okay, then.
As you read the scroll of fear, it crumbles to dust.
You assume a fearsome visage.
Jorgrun resists with almost no effort.
You hear some strange, mumbled words.
A lance of force appears from out of thin air!
The lance of force hits you!
* * * LOW HITPOINT WARNING * * *
You are knocked back by the lance of force.
You slam into the rock wall!
You die...

# #.......# #.##.###. g#
###########.......###)#.).#.. ..#
#....'..........).).).)....##
...##.........>......####)#...##∩
.(#.....#g.........∩## #)##.###'
#(.(...###.........## #)#### #.
..##..## #...{....# #.#######
..####.# #....<...# #.....# .## #
##....@..# #####.# ## #####
##...#### ###.### #...# ##..#
#...... #...# #.## #.#.### #...##
#.# #.#.# # # #....# #.# #.#)# #
#####...######.# #.#.###
##.............# #.#....
......#.######## #.#####


You could see Jorgrun.

Vanquished Creatures
  Frances (D:12)
  Agnes (Snake:1)
  Aizul (Snake:2)
  2 nagarajas
  3 deep elf sorcerers
  Nessos (Orc:2)
  A red draconian (Volcano)
  The ghost of Ehotes the Tainter, a journeyman OpSh of Cheibriados (Orc:1)
  A salamander tyrant (Snake:4)
  2 hydras
  14 dancing weapons
  3 centaur warriors
  A boulder beetle (D:15)
  2 death knights (D:12)
  A two-headed ogre (D:11)
  7 anacondas
  2 death yaks (Lair:5)
  2 orc high priests (Orc:2)
  8 naga warriors
  Urug (D:12)
  A tengu warrior (D:15)
  3 shock serpents (Snake:3)
  8 deep elf knights
  7 naga sharpshooters
  Nergalle (D:10)
  A hell knight (D:15)
  2 skeletal warriors (D:12)
  4 salamander mystics
  2 skysharks (Lair:5)
  A necromancer (D:15)
  2 naga ritualists (Snake:4)
  14 deep elf pyromancers
  5 deep elf archers (Elf:2)
  10 deep elf zephyrmancers
  2 orc knights (Orc:2)
  A manticore (D:15)
  5 mana vipers
  2 orc sorcerers (Orc:1)
  11 ugly things
  3 cyclopes
  2 elephants (Lair:2)
  15 salamanders
  7 centaur zombies (D:12)
  2 guardian serpents
  Maurice (D:12)
  8 naga magi
  15 black mambas
  An unseen horror (D:12)
  A gargoyle (D:10)
  A rime drake (IceCv)
  7 cane toads
  A guardian serpent (shapeshifter) (Lair:5)
  3 komodo dragons
  Maggie (D:6)
  An ice devil (D:12)
  A komodo dragon (shapeshifter) (Lair:5)
  2 tormentors (D:12)
  4 kobold demonologists
  A tengu conjurer (D:15)
  6 trolls
  5 polar bears
  Prince Ribbit (D:6)
  14 blink frogs
  3 dream sheep (Lair:3)
  A meliai zombie (D:12)
  2 raiju (Lair:5)
  10 slime creatures
  A wyvern (D:9)
  4 small abominations (Lair:5)
  2 spriggans (Lair:5)
  2 air elementals
  A vampire (D:12)
  3 wraiths (D:12)
  42 yaks
  6 fire elementals
  A neqoxec (D:12)
  6 water elementals
  A chaos spawn (Lair:5)
  3 hogs (Lair:4)
  4 basilisks
  6 humans (D:13)
  12 vampire mosquitoes
  3 wargs
  Edmund (D:6)
  28 nagas
  An acid dragon (D:12)
  2 swamp worms (Lair:2)
  10 water moccasins
  A sky beast (D:7)
  A black bear (Lair:1)
  3 orc warriors
  A sky beast (shapeshifter) (Lair:5)
  2 ogres
  2 ice beasts (D:4)
  6 boggarts (D:15)
  12 wolves
  6 centaurs
  A phantom (D:6)
  5 bullfrogs
  A kobold brigand (D:12)
  4 earth elementals
  A scorpion (D:7)
  4 water moccasin zombies (Ossuary)
  4 wights
  15 killer bees
  3 electric eels
  A howler monkey (D:6)
  A quasit (D:12)
  3 hounds
  2 gnoll boudas
  10 orc priests
  2 jellies (Lair:5)
  3 iguanas
  6 orc wizards
  Terence (D:2)
  2 mummies (Ossuary)
  16 gnolls
  6 adders
  2 white imps (D:7)
  2 ufetubi
  7 adder zombies (Ossuary)
  A worm zombie (D:4)
  A worm (D:3)
  16 orcs
  8 endoplasms
  9 goblins
  5 jackals
  6 kobolds
  4 ball pythons
  6 bats
  3 frilled lizards
  A gnoll zombie (Ossuary)
  6 hobgoblin zombies (Ossuary)
  2 kobold zombies (Ossuary)
  5 orc zombies (Ossuary)
  10 rats
614 creatures vanquished.

Vanquished Creatures (collateral kills)
  Vashnia (Snake:2)
  Saint Roka (Snake:3)
  Nikola (Snake:1)
  Rupert (D:14)
  2 nagarajas
  An orc warlord (Orc:1)
  Snorg (Orc:1)
  An ettin (D:15)
  An entropy weaver (shapeshifter) (Lair:5)
  A vault guard (D:13)
  2 salamander tyrants
  A centaur warrior (D:15)
  5 anacondas
  A boulder beetle (D:14)
  3 death knights (D:12)
  3 hydras
  11 naga warriors
  10 death yaks
  An orc high priest (Orc:2)
  7 shock serpents
  3 thrashing horrors (Lair:5)
  11 naga sharpshooters
  A fire crab (shapeshifter) (Lair:5)
  2 salamander mystics (Snake:3)
  3 naga ritualists
  A bog body (Lair:2)
  3 orc knights (Orc:2)
  7 ugly things
  A deep elf pyromancer (D:15)
  A deep elf zephyrmancer (D:15)
  2 cyclopes
  3 orc sorcerers
  A mana viper (Snake:1)
  A manticore (D:11)
  8 salamanders
  9 black mambas
  6 naga magi
  3 centaur zombies (D:12)
  4 elephants
  5 guardian serpents
  A gargoyle (D:12)
  A smoke demon (Lair:5)
  6 cane toads
  An unseen horror (D:13)
  A rime drake (Lair:3)
  An efreet (D:15)
  7 komodo dragons
  2 polar bears (Lair:4)
  2 trolls
  A raiju (shapeshifter) (D:11)
  20 blink frogs
  4 dream sheep (Lair:3)
  2 raiju (Lair:5)
  A meliai zombie (D:12)
  A slime creature (D:14)
  2 water elementals
  3 hogs (Lair:4)
  5 humans (D:13)
  34 yaks
  Grum (Lair:1)
  2 basilisks
  2 vampire mosquitoes
  A warg (Snake:3)
  A swamp worm (Lair:2)
  21 nagas
  6 water moccasins
  4 orc warriors
  4 wolves
  A boggart (D:15)
  4 centaurs (D:15)
  2 bullfrogs
  6 small abominations (Lair:5)
  4 killer bees
  A howler monkey (shapeshifter) (Lair:5)
  2 electric eels
  A lava snake (Snake:3)
  4 orc priests
  6 orc wizards
  A boggart zombie (D:12)
  18 orcs
  2 butterflies (Lair:2)
319 creatures vanquished.

Vanquished Creatures (others)
  2 orc warlords
  Kirke (Lair:4)
  An orc high priest (Orc:2)
  9 orc knights
  A deep elf knight (Elf:2)
  18 orc warriors
  3 orc sorcerers
  A naga (Snake:1)
  10 orc wizards
  A centaur (D:15)
  13 orc priests
  49 orcs
109 creatures vanquished.

Grand Total: 1042 creatures vanquished

Notes
Turn   | Place    | Note
-------+----------+-------------------------------------------
     0 | D:1      | Soraphim the Hill Orc Fighter began the quest for the Orb.
     0 | D:1      | Reached XP level 1. HP: 19/19 MP: 1/1
   102 | D:1      | Reached XP level 2. HP: 27/27 MP: 2/2
   270 | D:1      | Reached skill level 4 in Fighting
   390 | D:1      | Reached XP level 3. HP: 33/33 MP: 3/3
   485 | D:1      | Identified a scroll of acquirement
   485 | D:1      | Acquired the amulet of Wu Jian's Envy {Will+ Regen+}
   496 | D:2      | Noticed Terence
   508 | D:2      | Killed Terence
   618 | D:2      | Found a faded altar of an unknown god.
   819 | D:2      | Found Ukloquol's Weapon Boutique.
   985 | D:2      | Reached XP level 4. HP: 40/40 MP: 4/4
  1078 | D:3      | Became a worshipper of Beogh the Brigand
  1147 | D:3      | Reached skill level 5 in Axes
  1337 | D:3      | Found a shadowy altar of Dithmenos.
  1353 | D:3      | Found a bloodstained altar of Trog.
  1379 | D:3      | Reached XP level 5. HP: 46/46 MP: 5/5
  2176 | D:4      | Found a sand-covered staircase.
  2198 | Ossuary  | Entered an ossuary
  2214 | Ossuary  | Reached * piety under Beogh
  2245 | Ossuary  | Reached XP level 6. HP: 52/52 MP: 6/6
  2337 | Ossuary  | Reached XP level 7. HP: 58/59 MP: 7/7
  2522 | D:4      | Identified the +3 chain mail of the Unstoppable Suns
                  | {Regen+ MP+9}
  2787 | D:5      | Entered Level 5 of the Dungeon
  2853 | D:4      | Reached skill level 10 in Axes
  2853 | D:4      | Reached skill level 1 in Invocations
  2904 | D:4      | Reached skill level 5 in Fighting
  2930 | D:4      | Reached ** piety under Beogh
  2939 | D:4      | Reached XP level 8. HP: 69/69 MP: 10/10
  3042 | D:4      | Reached skill level 6 in Fighting
  3156 | D:5      | Found a hazy altar of Hepliaklqana.
  3304 | D:5      | Reached skill level 7 in Fighting
  3333 | D:5      | Learned a level 2 spell: Blink
  3415 | D:6      | Noticed Maggie
  3442 | D:6      | Killed Maggie
  3443 | D:6      | Reached skill level 8 in Fighting
  3443 | D:6      | Reached skill level 5 in Invocations
  3621 | D:6      | Found a staircase to the Ecumenical Temple.
  3685 | D:6      | Reached XP level 9. HP: 70/82 MP: 13/13
  3691 | D:6      | Reached skill level 9 in Fighting
  3713 | D:6      | Noticed Edmund
  3725 | D:6      | Killed Edmund
  3747 | D:6      | Reached skill level 1 in Maces & Flails
  3839 | D:6      | Noticed Prince Ribbit
  3841 | D:6      | Killed Prince Ribbit
  4038 | D:7      | Found Nackopu's Armour Emporium.
  4094 | D:7      | Reached skill level 5 in Maces & Flails
  4144 | D:7      | Reached *** piety under Beogh
  4395 | D:7      | Found a shimmering blue altar of Sif Muna.
  4637 | D:8      | You fall into a shaft and drop 3 floors!
  4639 | D:11     | Noticed a two-headed ogre
  4646 | D:11     | Killed a two-headed ogre
  4647 | D:11     | Reached XP level 10. HP: 74/91 MP: 14/14
  5075 | D:11     | Reached skill level 10 in Fighting
  5328 | D:10     | Entered Level 10 of the Dungeon
  5416 | D:9      | Reached skill level 5 in Armour
  5416 | D:9      | Reached skill level 5 in Shields
  5436 | D:9      | Reached skill level 11 in Fighting
  5492 | D:10     | Reached XP level 11. HP: 52/104 MP: 15/15
  5530 | D:9      | Reached skill level 12 in Fighting
  5807 | D:9      | Found an ancient bone altar of Kikubaaqudgha.
  6002 | D:9      | Found Estois's Armour Boutique.
  6104 | D:9      | Found a shimmering altar of Xom.
  6327 | D:10     | Identified the ring "Zimnulom" {rElec rPois rF+ Str-3 Int-4
                  | Slay+4}
  6345 | D:10     | Noticed Nergalle
  6368 | D:10     | Killed Nergalle
  7042 | D:10     | Found a staircase to the Lair.
  7108 | Lair:1   | Entered Level 1 of the Lair of Beasts
  7121 | Lair:1   | Gained Olfrun as an ally
  7178 | Lair:1   | Reached skill level 13 in Fighting
  7216 | Lair:1   | Reached **** piety under Beogh
  7487 | Lair:1   | Noticed Grum
  7492 | Lair:1   | Killed Grum
  7591 | Lair:1   | Found a frozen archway.
  7602 | IceCv    | Entered an ice cave
  7740 | IceCv    | Reached skill level 14 in Fighting
  7881 | IceCv    | Noticed a death yak
  7881 | IceCv    | Noticed a death yak
  7885 | IceCv    | Reached XP level 12. HP: 117/117 MP: 16/16
  7907 | Lair:1   | Killed a death yak
  8264 | Lair:2   | Reached ***** piety under Beogh
  8269 | Lair:2   | Reached skill level 15 in Fighting
  8801 | Lair:2   | Found a staircase to the Swamp.
  9017 | Lair:3   | Noticed a five-headed hydra
  9021 | Lair:3   | Killed a five-headed hydra
  9145 | Lair:3   | Reached skill level 10 in Shields
  9148 | Lair:3   | Reached skill level 16 in Fighting
  9175 | Lair:3   | Reached XP level 13. HP: 128/128 MP: 17/17
  9500 | Lair:3   | Found a staircase to the Snake Pit.
 10001 | Lair:4   | Reached skill level 10 in Armour
 10152 | Lair:4   | Reached ****** piety under Beogh
 10256 | Lair:4   | Noticed Kirke
 10296 | Lair:4   | Killed Kirke
 10362 | Lair:4   | Found a dark tunnel.
 10398 | Volcano  | Entered a volcano
 10424 | Volcano  | Found a bloodstained altar of Trog.
 10426 | Volcano  | Noticed a red draconian
 10450 | Volcano  | Reached skill level 17 in Fighting
 10524 | Volcano  | Killed a red draconian
 10644 | Volcano  | Identified the +1 pair of gloves of Saz Icwy {rC+ rCorr
                  | Str+4 Slay+2}
 11022 | Lair:5   | Entered Level 5 of the Lair of Beasts
 11227 | Lair:5   | Found a staircase to the Slime Pits.
 11396 | Lair:5   | Reached XP level 14. HP: 140/140 MP: 18/18
 11834 | Lair:5   | Reached skill level 10 in Maces & Flails
 11916 | Lair:5   | Found a corrupted altar of Lugonu.
 11916 | Lair:5   | Found a one-way gate to the infinite horrors of the Abyss.
 12324 | Lair:5   | Acquired a +2 vampiric demon trident
 14728 | D:11     | Identified the +5 plate armour of Recklessness {rCorr Dex-4
                  | Stlth+}
 15335 | D:12     | Noticed Maurice
 15371 | D:12     | Killed Maurice
 15391 | D:12     | Found a staircase to the Orcish Mines.
 16072 | D:12     | Reached skill level 15 in Shields
 16548 | D:12     | Your ally Olfrun died
 16950 | Orc:1    | Entered Level 1 of the Orcish Mines
 17087 | Orc:2    | Entered Level 2 of the Orcish Mines
 17098 | Orc:2    | Noticed Nessos
 17123 | Orc:2    | Killed Nessos
 17193 | Orc:2    | Found a staircase to the Elven Halls.
 17415 | Orc:2    | Found a roughly hewn altar of Beogh.
 17542 | Orc:2    | Found Kosahimm's Book Emporium.
 17542 | Orc:2    | Found Laynunt's Weapon Boutique.
 18305 | Orc:2    | Found Mughepiz's Jewellery Emporium.
 18305 | Orc:2    | Found Cell's Book Boutique.
 18558 | Orc:1    | Reached XP level 15. HP: 147/147 MP: 19/19
 19065 | Orc:1    | Noticed an orc warlord
 19066 | Orc:1    | Noticed Snorg
 19076 | Orc:1    | Killed an orc warlord
 19083 | Orc:1    | Killed Snorg
 19196 | Orc:1    | Found a runed translucent door.
 19201 | Orc:1    | Noticed Ehotes's ghost (journeyman OpSh)
 19295 | Orc:1    | Killed Ehotes's ghost
 21065 | D:12     | Found a basalt altar of Yredelemnul.
 21100 | D:12     | Noticed Urug
 21110 | D:12     | Killed Urug
 21350 | D:12     | Noticed Frances
 21363 | D:12     | Killed Frances
 21825 | D:13     | Gained Okrist as an ally
 22797 | D:13     | Found a gate to the Vaults.
 22869 | D:13     | Identified the +6 rapier of Weotsur {vamp, Fragile rPois
                  | rF+++ Dex+3}
 23709 | D:14     | Reached skill level 18 in Fighting
 23712 | D:14     | Gained Boruk as an ally
 23722 | D:14     | Found a white marble altar of Elyvilon.
 23980 | D:14     | Noticed Rupert
 23994 | D:14     | Killed Rupert
 24694 | D:15     | Entered Level 15 of the Dungeon
 24810 | D:15     | Gained Okrist as an ally
 25240 | D:15     | Found a staircase to the Depths.
 25247 | D:15     | Gained Thorok as an ally
 25253 | D:15     | Gained Arkwar as an ally
 26299 | Snake:1  | Entered Level 1 of the Snake Pit
 26313 | Snake:1  | Noticed Agnes
 26322 | Snake:1  | Killed Agnes
 26323 | Snake:1  | Reached skill level 15 in Maces & Flails
 26323 | Snake:1  | Reached XP level 16. HP: 157/159 MP: 20/20
 26394 | Snake:1  | Noticed Nikola
 26405 | Snake:1  | Killed Nikola
 26815 | Snake:1  | Found Xugus's Book Boutique.
 26817 | Snake:1  | Found Juteumir's Jewellery Emporium.
 26819 | Snake:1  | Found Uwkoiset's Book Boutique.
 27952 | Snake:2  | Found Muneh's Book Emporium.
 27957 | Snake:2  | Noticed Aizul
 27966 | Snake:2  | Killed Aizul
 28021 | Snake:2  | Found a hide-covered altar of Uskayaw.
 28031 | Snake:2  | Reached skill level 19 in Fighting
 28038 | Snake:2  | Noticed a nagaraja
 28047 | Snake:2  | Killed a nagaraja
 28048 | Snake:2  | Noticed Vashnia
 28066 | Snake:2  | Your ally Arkwar died
 28071 | Snake:2  | Killed Vashnia
 29507 | Snake:3  | Noticed Saint Roka
 29525 | Snake:3  | Killed Saint Roka
 29873 | Snake:3  | Noticed a nagaraja
 29884 | Snake:3  | Killed a nagaraja
 29945 | Snake:3  | Reached XP level 17. HP: 129/170 MP: 21/21
 29947 | Snake:3  | Reached skill level 20 in Fighting
 30662 | Snake:4  | Entered Level 4 of the Snake Pit
 31251 | Snake:4  | Your ally Okrist died
 31256 | Snake:4  | Your ally Okrist died
 31268 | Snake:4  | Your ally Boruk died
 31272 | Snake:4  | Your ally Thorok died
 31507 | Snake:4  | Got a serpentine rune of Zot
 31784 | Elf:1    | Entered Level 1 of the Elven Halls
 32185 | Elf:1    | Reached skill level 21 in Fighting
 32286 | Elf:1    | Found a runed translucent gate.
 32287 | Elf:1    | Found a runed translucent gate.
 32287 | Elf:1    | Found an opulent altar of Gozag.
 32296 | Elf:1    | Noticed Qoro's ghost (adept DESu)
 32297 | Elf:1    | Found a runed translucent gate.
 32302 | Elf:1    | Found Zotutaud's Assorted Antiques.
 32304 | Elf:1    | Got Kikubaaqudgha's Disquisition on Necromancy
 32541 | Elf:2    | Paralysed by an air elemental for 1 turns
 32884 | Elf:2    | Found a transporter.
 32884 | Elf:2    | Found Lotroczo's General Store.
 33043 | Elf:2    | Reached XP level 18. HP: 181/182 MP: 22/22
 33046 | Elf:2    | Found Qeshraoli's Weapon Shoppe.
 33071 | Elf:2    | Bought the +8 mace of Imoov {flame, +Blink rPois Will+
                  | Int+3} for 1585 gold pieces
 33100 | Elf:2    | Found Sish's General Store.
 33280 | Elf:2    | Found a runed translucent gate.
 33280 | Elf:2    | Found a runed translucent gate.
 33281 | Elf:2    | Found a runed translucent gate.
 33327 | Elf:2    | Found a transporter.
 33376 | Elf:2    | Found Joorcheic's Armour Emporium.
 33519 | Elf:2    | Noticed Jorgrun
 33546 | Elf:2    | HP: 5/182 [something/lance of force (10)]
 33546 | Elf:2    | Collided with a rock wall

Illustrated notes

Levels and vault maps discovered:
D:1:      wander_arrival_estate, layout_rooms
D:2:      layout_rooms, hellmonk_ecumenical_altar_pennies_from_heaven,
          serial_shops, nicolae_shop_bloodbath_and_beyond,
          minmay_misc_feat_plants, uniq_terence
D:3:      layout_basic, mainiacjoe_overflow_tiny_flanked, grunt_dithmenos_smoke,
          minmay_strange_pillars, minmay_misc_feat_room, minmay_splitting_lines
D:4:      layout_basic, enter_ossuary_3
D:5:      layout_basic, nicolae_hepliaklqana_hippocampus
D:6:      layout_cave_pools, minmay_temple_entry_proselytizer, uniq_maggie,
          uniq_edmund, uniq_prince_ribbit1
D:7:      layout_basic, lemuel_coloured_pillars_altar, serial_shops,
          nicolae_shop_pleasant_corner_grove, st_stairs_4
D:8:      layout_cave_pools, nicolae_ru_the_path_less_chosen, enter_bailey_5,
          nrook_loot_triangle
D:9:      layout_loops_cross, nicolae_kikubaaqudgha_miasma_corner,
          mainiacjoe_overflow_paths, serial_shops, shop
D:10:     layout_stronghold, lair_entry_dummy, uniq_nergalle
D:11:     layout_stronghold
D:12:     cheibrodos_tormentor_scu, layout_loops_corners, hiddenorc2_lemuel,
          serial_demonic, serial_demonic_b, serial_demonic_e, serial_demonic_b,
          serial_demonic_a, serial_demonic_d, serial_demonic_b,
          grunt_ministairs_5, nicolae_yredelemnul_corpse_copse, uniq_frances,
          uniq_maurice, uniq_urug
D:13:     layout_loops_corners, ximxim_vaults_locker_room
D:14:     layout_grid_maze, minmay_misc_feat_x, nicolae_elyvilon_temple_path,
          uniq_rupert
D:15:     hangedman_depths_entry_civil_slaughter, layout_loops_ring,
          serial_bayou_pond_c, grunt_ministairs_2, serial_bayou_pond_c
Lair:1:   layout_long_grid, portal_ice_cave_entry_pillars_2, uniq_grum
Lair:2:   layout_chaotic_city, nicolae_swamp_entry_splash_gauntlet,
          infiniplex_staircase_pool, serial_bayou_shore_b, lemuel_fruit_tree,
          lemuel_fruit_fields, serial_bayou_shore_a
Lair:3:   layout_gridlike, guppyfry_snake_entry_island,
          chequers_serial_rivers_micro_b, st_stairs_4,
          chequers_serial_rivers_large_b, lemuel_fruit_fields
Lair:4:   layout_gridlike, enter_volcano_2, serial_bayou_lagoon_a,
          beast_lair_carwin_1, uniq_kirke
Lair:5:   hellmonk_lair_end_abyssal_woods, layout_cave_pods,
          minmay_slime_entry_pillars, dreamdust_deal_with_the_devil,
          grunt_megastairs_3
Snake:1:  layout_misc_corridors, minmay_shop_grove, uniq_agnes, uniq_nikola
Snake:2:  layout_layer_cave, serial_shops, shop, basic_altar, uniq_aizul,
          uniq_vashnia
Snake:3:  hangedman_cross_veins, layout_onion, serial_bayou_pond_c,
          nicolae_snake_salamander_fort, uniq_saint_roka
Snake:4:  grunt_snake_rune_serpentine_throne, layout_cave_town,
          nicolae_snake_yet_another_twisty_hallway, uniq_roxanne
Orc:1:    layout_caves, ebering_ghost_reflecting_pool, uniq_snorg
Orc:2:    grunt_orc_tribal_feast, layout_caves, basic_altar, uniq_nessos
Elf:1:    layout_geoelf_octagon, ebering_ghost_gozag, minivault_28
Elf:2:    nicolae_elf_blades_splatter_lattice [infiniplex_blade_entry_pillars],
          layout_loops_corners, serial_shops, nicolae_shop_drivethru, shop,
          nicolae_shop_window_shopping, shop, uniq_jorgrun

Skill      XL: |  1  2  3  4  5  6  7  8  9 10 11 12 13 14 15 16 17 |
---------------+----------------------------------------------------+-----
Axes           | 3 4 5 7 9 10 | 10.0
Fighting       | 4 5 8 9 11 14 16 17 18 19 21 | 21.4
Invocations    | 2 6 |  6.4
Maces & Flails | 8 9 11 15 17 20 | 20.6
Armour         | 6 8 9 10 | 10.5
Shields        | 6 8 10 13 16 | 16.2

Action                     |  1- 3 |  4- 6 |  7- 9 | 10-12 | 13-15 | 16-18 || total
---------------------------+-------+-------+-------+-------+-------+-------++-------
  Melee: War axe           |    92 |    67 |       |       |       |       ||   159
         Hand axe          |       |   107 |   244 |       |       |       ||   351
         Flail             |       |       |    95 |   405 |   871 |   535 ||  1906
         Mace              |       |       |       |       |       |    75 ||    75
 Invoke: Convert to Beogh  |       |     1 |       |       |       |       ||     1
         Smiting           |       |       |     1 |     5 |    26 |    44 ||    76
         Give Item to Name |       |       |       |       |     4 |       ||     4
         Recall Orcish Fol |       |       |       |       |     2 |       ||     2
    Use: Scroll            |     5 |     2 |     7 |     3 |    15 |     8 ||    40
         Potion            |       |       |       |     1 |     8 |     7 ||    16
   Stab: Distracted        |       |       |       |     4 |     8 |     2 ||    14
         Confused          |       |       |       |       |       |     1 ||     1
 Armour: Scale mail        |    55 |    50 |     4 |       |       |       ||   109
         Chain mail        |       |       |   182 |   229 |   507 |   218 ||  1136
  Dodge: Dodged            |    45 |    64 |   128 |   197 |   269 |   135 ||   838
  Block: Buckler           |    23 |    25 |    70 |   108 |   143 |       ||   369
         Tower shield      |       |       |       |       |   373 |    25 ||   398
         Kite shield       |       |       |       |       |       |   428 ||   428
         Reflection        |       |       |       |       |       |    70 ||    70

Table legend: (Time is in decaauts)
 A = Elapsed time spent in this place.
 B = Non-inter-level travel time spent in this place.
 C = Inter-level travel time spent in this place.
 D = Time resting spent in this place.
 E = Time spent auto-exploring this place.
 F = Levels seen in this place.
 G = Mean time per level.
                   A        B        C        D        E       F      G
               +--------+--------+--------+--------+--------+-----+--------+
         Total |  33276 |  31635 |   1641 |  11532 |  14749 |  31 | 1073.4 |
       Dungeon |  16235 |  15609 |    626 |   5503 |   7613 |  15 | 1082.3 |
          Lair |   5911 |   5250 |    661 |   1141 |   3140 |   5 | 1182.2 |
     Snake Pit |   5215 |   5040 |    175 |   2260 |   2042 |   4 | 1303.8 |
  Orcish Mines |   3400 |   3251 |    149 |   2110 |    902 |   2 | 1700.0 |
   Elven Halls |   1695 |   1667 |     28 |    213 |    921 |   2 |  847.5 |
       Ossuary |    232 |    232 |      0 |     14 |     63 |   1 |  232.0 |
      Ice Cave |    296 |    296 |      0 |    190 |     16 |   1 |  296.0 |
       Volcano |    288 |    288 |      0 |    101 |     51 |   1 |  288.0 |
               +--------+--------+--------+--------+--------+-----+--------+

Top non-repeatable levels by time:
    D:12: 3139 daAuts
    D:14: 2085 daAuts
  Lair:5: 2014 daAuts
   Orc:2: 1938 daAuts
    D:10: 1923 daAuts
 Snake:3: 1694 daAuts
 Snake:1: 1650 daAuts
    D:11: 1568 daAuts
   Orc:1: 1461 daAuts
    D:13: 1249 daAuts
 Snake:2: 1113 daAuts
     D:4: 1063 daAuts
  Lair:1: 1051 daAuts
  Lair:2: 1003 daAuts
   Elf:2: 974 daAuts
